 Dungeon Crawl Stone Soup version 0.31-a0-435-g2c6fae2916 (webtiles) character file.

Game seed: 2909720599702415769

25 floatRand the Grasshopper (level 3, -2/36 HPs)
             Began as an Ogre Warper on Aug 1, 2023.
             Slain by a gnoll
             ... wielding a +0 spear
              (3 damage)
             ... on level 1 of the Dungeon.
             The game lasted 00:01:19 (1193 turns).

floatRand the Grasshopper (Ogre Warper)             Turns: 1193, Time: 00:01:20

Health: -2/36      AC:  3    Str: 17    XL:     3   Next: 6%
Magic:  6/6        EV:  9    Int: 14    God:
Gold:   26         SH:  0    Dex:  8    Spells: 6/6 levels left

rFire   . . .        a - +0 mace
rCold   . . .        (no shield)
rNeg    . . .        b - +0 robe
rPois   .            (helmet restricted)
rElec   .            (no cloak)
rCorr   .            (gloves unavailable)
SInv    .            (boots unavailable)
Will    .....        (no amulet)
Stlth   +            (no ring)
HPRegen 0.26/turn    (no ring)
MPRegen 0.10/turn

%: no passive effects
@: no status effects
A: large, unfitting armour, tough skin 1
a: no special abilities


You were on level 1 of the Dungeon.
You visited 1 branch of the dungeon, and saw 2 of its levels.

You collected 26 gold pieces.

Inventory:

Hand Weapons
 a - a +0 mace (weapon)
Missiles
 d - 7 darts of dispersal (quivered)
 e - 2 poisoned darts
 f - a throwing net
Armour
 b - a +0 robe (worn)
Scrolls
 c - 2 scrolls of blinking


   Skills:
 - Level 2.6 Fighting
 * Level 2.5 Maces & Flails
 - Level 1.0 Throwing
 - Level 2.1 Dodging
 - Level 2.4 Spellcasting
 * Level 3.2 Translocations


You had 6 spell levels left.
You didn't know any spells.
Your spell library contained the following spells:

 Spells                   Type           Power      Damage    Failure   Level
 Blink                    Tloc           20%        N/A       9%          2
 Lesser Beckoning         Tloc           20%        N/A       9%          2
 Teleport Other           Tloc           10%        N/A       19%         3
 Vhi's Electric Charge    Tloc/Air       12%        N/A       34%         3
 Manifold Assault         Tloc           10%        N/A       52%         4


Dungeon Overview and Level Annotations

Branches:
Dungeon (2/15)

Altars:


Innate Abilities, Weirdness & Mutations

You are too large for most types of armour.
You have tough skin. (AC +1)


Message History

a +0 dagger; 2 stones
There is a stone staircase leading up here.
The gnoll hits you with a +0 spear.
There is a stone staircase leading up here.
The gnoll hits you from afar with a +0 vampiric spear.
You climb upwards.
There is a stone staircase leading down here.
You closely miss the gnoll. The gnoll closely misses you.
Unknown command.
You hit the gnoll.
The gnoll is lightly wounded.
The gnoll closely misses you. The gnoll completely misses you.
Unknown command.
You hit the gnoll.
The gnoll is lightly wounded.
The gnoll hits you but does no damage.
You barely miss the gnoll.
The gnoll is lightly wounded.
The gnoll hits you with a +0 spear!
Unknown command.
You closely miss the gnoll.
The gnoll is lightly wounded.
The gnoll hits you with a +0 spear!
* * * LOW HITPOINT WARNING * * *
You hit the gnoll but do no damage.
The gnoll is lightly wounded.
The gnoll barely misses you. The gnoll hits you with a +0 spear.
* * * LOW HITPOINT WARNING * * *
You barely miss the gnoll.
The gnoll is lightly wounded.
The gnoll hits you with a +0 spear.
* * * LOW HITPOINT WARNING * * *
You closely miss the gnoll.
The gnoll is lightly wounded.
The gnoll hits you with a +0 spear.
* * * LOW HITPOINT WARNING * * *
You barely miss the gnoll.
The gnoll is lightly wounded.
The gnoll hits you with a +0 spear.
You die...

#.........###
####...##....#####
#...).......#
#.....###....#....
#...........####.....#
######.###
#...........##.......#
#.......
##.....####..#.......#
#....... #.....#
##.'......## #.......
#.....# ###......#
#....... ###...#
#......######.......
#...#
###@g.......'.......
#...#
###############.......
#...#
#.......#.....'.......
#...#
#.#####.#.#####.......
#...#
#.#...#.#.##..........
#...#
#.##..#.#.##.##.......
#####
#>##..#.#.##.##.......
#.##....#.##.##.......
#.##...##.##.#########


You could see a gnoll.

Vanquished Creatures
  4 bats (D:1)
  A giant cockroach (D:1)
  3 hobgoblins (D:1)
  4 jackals (D:1)
  2 ball pythons (D:1)
  A frilled lizard (D:1)
  2 goblins (D:1)
  3 kobolds
  5 rats (D:1)
25 creatures vanquished.

Notes
Turn   | Place    | Note
-------+----------+-------------------------------------------
     0 | D:1      | floatRand the Ogre Warper began the quest for the Orb.
     0 | D:1      | Reached XP level 1. HP: 22/22 MP: 3/3
   389 | D:1      | Reached XP level 2. HP: 29/29 MP: 5/5
   465 | D:1      | Reached skill level 3 in Translocations
   929 | D:1      | Reached XP level 3. HP: 11/36 MP: 6/6
  1192 | D:1      | HP: 1/36 [gnoll/+0 spear (4)]
  1193 | D:1      | Slain by a gnoll

Illustrated notes

Levels and vault maps discovered:
D:1:      nicolae_arrival_washed_ashore, layout_basic
D:2:      layout_loops_cross, minmay_pentomino_x4

Skill      XL: |  1  2 |
---------------+-------+-----
Maces & Flails | 2 |  2.5
Translocations | 3 |  3.2
Fighting       | |  2.6
Throwing       | |  1.0
Dodging        | |  2.1
Spellcasting   | |  2.4

Action                     || total
---------------------------++-------
  Melee: Mace              ||   101
   Stab: Sleeping          ||     1
 Armour: Robe              ||    65
  Dodge: Dodged            ||    88

Table legend: (Time is in decaauts)
 A = Elapsed time spent in this place.
 B = Non-inter-level travel time spent in this place.
 C = Inter-level travel time spent in this place.
 D = Time resting spent in this place.
 E = Time spent auto-exploring this place.
 F = Levels seen in this place.
 G = Mean time per level.
                   A        B        C        D        E       F      G
               +--------+--------+--------+--------+--------+-----+--------+
         Total |   1222 |   1199 |     23 |    294 |    645 |   2 |  611.0 |
       Dungeon |   1222 |   1199 |     23 |    294 |    645 |   2 |  611.0 |
               +--------+--------+--------+--------+--------+-----+--------+

Top non-repeatable levels by time:
     D:1: 1192 daAuts
     D:2: 30 daAuts
